 Dungeon Crawl Stone Soup version 0.28-a0-1387-g3a22ab9bdc (webtiles) character file.

Game seed: 8832259594574303671

49 croobank the Ruffian (level 3, 0/28 HPs)
             Began as a Demigod Transmuter on Jan 3, 2022.
             Succumbed to an adder's poison
             ... on level 2 of the Dungeon.
             The game lasted 00:10:53 (1915 turns).

croobank the Ruffian (Demigod Transmuter)           Turns: 1915, Time: 00:10:53

Health: 0/28       AC:  7    Str: 15    XL:     3   Next: 32%
Magic:  8/8        EV: 12    Int: 17    God:
Gold:   39         SH:  0    Dex: 14    Spells: 3/6 levels left

rFire   . . .      SeeInvis .   a - +0 short sword
rCold   . . .      Faith    .   (no shield)
rNeg    . . .      Spirit   .   f - +1 robe of Pessimism {Int+2}
rPois   .          Reflect  .   (no helmet)
rElec   .          Harm     .   h - +0 cloak
rCorr   .          Rampage  .   (no gloves)
Will    .....                   (no boots)
Stlth   +.........              (no amulet)
HPRegen 0.09/turn               (no ring)
MPRegen 0.11/turn               (no ring)

@: mighty, lethally poisoned (0 -> -3), attractive, flying
A: high mp 1, forlorn, divine attributes, iridescent scales 1, screaming 1,
shaggy fur 1
a: no special abilities


You were on level 2 of the Dungeon.
You visited 1 branch of the dungeon, and saw 2 of its levels.

You collected 39 gold pieces.

Inventory:

Hand Weapons
 a - a +0 short sword (weapon)
 b - a +0 hunting sling
 l - a +0 hand axe
Missiles
 c - 49 stones
 p - 16 arrows
Armour
 e - a +0 leather armour
 f - the +1 robe of Pessimism (worn) {Int+2}
   (You found it on level 2 of the Dungeon)

   Int:       It affects your intelligence (+2).
 h - a +0 cloak (worn)
 j - a +0 ring mail
Jewellery
 i - an amulet of magic regeneration
Scrolls
 m - a scroll of magic mapping
 n - a scroll of immolation
 r - a scroll of vulnerability
Potions
 g - 2 potions of flight


   Skills:
 + Level 1.4 Fighting
 + Level 2.2 Dodging
 + Level 3.0 Unarmed Combat
 + Level 2.2 Spellcasting
 + Level 2.2 Transmutations


You had 3 spell levels left.
You knew the following spells:

 Your Spells              Type           Power      Damage    Failure   Level
a - Beastly Appendage     Tmut           18%        N/A       8%          1
b - Wereblood             Tmut           9%         N/A       12%         2

Your spell library contained the following spells:

 Spells                   Type           Power      Damage    Failure   Level
 Spider Form              Tmut/Pois      5%         N/A       36%         3
 Ice Form                 Ice/Tmut       5%         N/A       77%         4


Dungeon Overview and Level Annotations

Branches:
Dungeon (2/15)


Innate Abilities, Weirdness & Mutations

You have an increased reservoir of magic. (+10% MP)
You shall have no god before yourself.
Your divine heritage dramatically boosts your attributes as you level up.
You are partially covered in iridescent scales. (AC +2)
You occasionally shout uncontrollably at your foes.
You are covered in fur. (AC +1)


Message History

It was a potion of attraction.
You feel attractive to monsters.
You feel sick.
You are no longer poisoned.
The adder misses you.
It was a potion of might.
You feel very mighty all of a sudden. The adder bites you.
* * * LOW HITPOINT WARNING * * *
You are poisoned.
The adder poisons you! The adder bites you.
* * * LOW HITPOINT WARNING * * *
You are lethally poisoned!
The adder poisons you!
You puncture the adder!
You kill the adder!
* * * LOW HITPOINT WARNING * * *
You feel very sick.
It was a potion of flight.
You feel very buoyant.
You fly up into the air.
* * * LOW HITPOINT WARNING * * *
You feel sick.
It was a potion of mutation.
You feel extremely strange.
You feel the urge to shout. Fur sprouts all over your body.
Iridescent scales grow over part of your body.
* * * LOW HITPOINT WARNING * * *
You feel sick.
As you read the scroll labelled TOACZI BANUBY, it crumbles to dust.
It is a scroll of amnesia.
Really abort (and waste the scroll)? [Y]es or [N]o only, please.
Really abort (and waste the scroll)?
Okay, then.
* * * LOW HITPOINT WARNING * * *
You feel sick.
As you read the scroll labelled UGOENN ZEULIR, it crumbles to dust.
It is a scroll of identify.
r - a scroll of vulnerability You die...

##### #######* #...# #......*
#...# #......* #...# #...=..#####
##### #...# #......#...#####
....#####...######......#........
................@'......'........
.................#......#.......#
..........##.....########.#....).
.................#******#.#####.#
.........##........,,,*,..# #<#
........>...........,,+...#####.#
####........##.......,*##........
#........#########** #.#####.#
#........# #.#####..


There were no monsters in sight!

Vanquished Creatures
  An adder (D:2)
  A dart slug (D:1)
  5 endoplasms (D:1)
  3 giant cockroaches (D:1)
  2 goblins (D:1)
  2 hobgoblins
  4 jackals
  5 kobolds
  2 ball pythons (D:1)
  3 bats (D:1)
  2 frilled lizards (D:1)
  3 rats (D:1)
33 creatures vanquished.

Vanquished Creatures (others)
  2 plants (D:1)
2 creatures vanquished.

Grand Total: 35 creatures vanquished

Notes
Turn   | Place    | Note
-------+----------+-------------------------------------------
     0 | D:1      | croobank the Demigod Transmuter began the quest for the
                  | Orb.
     0 | D:1      | Reached XP level 1. HP: 15/15 MP: 5/5
    94 | D:1      | Reached skill level 1 in Fighting
   496 | D:2      | Reached XP level 2. HP: 12/23 MP: 7/7
   958 | D:1      | Learned a level 2 spell: Wereblood
  1532 | D:1      | Reached skill level 3 in Unarmed Combat
  1532 | D:1      | Reached XP level 3. HP: 26/28 MP: 8/8
  1842 | D:2      | Identified the +1 robe of Pessimism {Int+2}
  1913 | D:2      | Gained mutation: You occasionally shout uncontrollably at
                  | your foes. [potion of mutation]
  1913 | D:2      | Gained mutation: You are covered in fur. (AC +1) [potion of
                  | mutation]
  1913 | D:2      | Gained mutation: You are partially covered in iridescent
                  | scales. (AC +2) [potion of mutation]
  1914 | D:2      | HP: 1/28 [poisoned by an adder]
  1915 | D:2      | Succumbed to an adder's poison

Illustrated notes

Levels and vault maps discovered:
D:1:      erik_arrival_orb_chamber, layout_rooms, serial_forest,
          infiniplex_forest_straight_2, infiniplex_forest_lined_3,
          infiniplex_forest_lined_3, infiniplex_forest_clump_double,
          infiniplex_forest_clump_small, infiniplex_forest_lined_2,
          infiniplex_forest_clump_medium, infiniplex_forest_lined_2,
          hellmonk_ecumenical_altar_blasted, kennysheep_doodads, st_stairs_4,
          minmay_tree_intersection, chequers_serial_rivers_micro_a,
          minmay_heptomino_o4
D:2:      layout_basic, basic_altar, ebering_dispersal_statue_hall

Skill      XL: |  1  2 |
---------------+-------+-----
Fighting       | 1 |  1.4
Dodging        | 2 |  2.2
Transmutations | 2 |  2.2
Spellcasting   | 2 |  2.2
Unarmed Combat | 3 |  3.0

Action                   || total
-------------------------++-------
Melee: Unarmed           ||    83
       Kick              ||     4
       Headbutt          ||     3
       Short sword       ||    89
       Punch             ||     2
 Cast: Beastly Appendage ||     6
       Wereblood         ||     1
  Use: Scroll            ||     4
       Potion            ||     4
 Stab: Sleeping          ||     1
Armor: Robe              ||    22
       Leather armour    ||    27
Dodge: Dodged            ||    94

Table legend: (Time is in decaauts)
 A = Elapsed time spent in this place.
 B = Non-inter-level travel time spent in this place.
 C = Inter-level travel time spent in this place.
 D = Time resting spent in this place.
 E = Time spent auto-exploring this place.
 F = Levels seen in this place.
 G = Mean time per level.
                   A        B        C        D        E       F      G
               +--------+--------+--------+--------+--------+-----+--------+
         Total |   1921 |   1882 |     39 |    605 |    743 |   2 |  960.5 |
       Dungeon |   1921 |   1882 |     39 |    605 |    743 |   2 |  960.5 |
               +--------+--------+--------+--------+--------+-----+--------+

Top non-repeatable levels by time:
     D:1: 1517 daAuts
     D:2: 403 daAuts
